Map: Frozen Temple

Players

Fropez - Winner!

  • Race: Protoss Protoss
  • League: Silver
  • Spawn Location: 11:00

Pele

  • Race: Terran Terran
  • League: Silver
  • Spawn Location: 5:00

VOD

Have the link to the VOD?

Description

Time

  • Played on: May 9, 2016, 3:47 p.m.
  • Length: 19:19
Show
View Real Time Build Order
Export as new Build Order

Fropez Protoss - Winner!

Build Orders:  

Get SALT Encoding   

  12  0:01  Probe (Chrono Boost)  
  13  0:20  Pylon  
  14  0:21  Probe (Chrono Boost)  
  14  0:39  Gateway  
  14  0:46  Gateway  
  14  0:54  Assimilator  
  14  0:55  Probe (Chrono Boost)  
  15  1:06  Probe (Chrono Boost)  
  16  1:16  Probe (Chrono Boost)  
  16  1:17  Pylon  
  17  1:27  Probe (Chrono Boost)  
  18  1:37  Probe (Chrono Boost)  
  19  1:40  Cybernetics Core  
  19  1:43  Assimilator  
  19  1:48  Probe (Chrono Boost)  
  20  1:59  Probe (Chrono Boost)  
  21  2:04  Pylon  
  21  2:09  Probe (Chrono Boost)  
  22  2:16  Adept  
  22  2:17  Adept  
  26  2:24  Mothership Core (Chrono Boost)  
  26  2:28  Warp Gate (Chrono Boost)  
  28  2:42  Probe  
  28  2:54  Probe  
  29  2:58  Pylon  
  29  3:00  Adept  
  29  3:03  Adept  
  33  3:06  Probe  
  34  3:18  Probe  
  35  3:30  Nexus  
  35  3:37  Pylon  
  35  3:38  Probe  
  36  3:48  Pylon  
  36  3:50  Adept  
  36  3:55  Adept  
  40  4:28  Probe  
  41  4:40  Probe  
  36  4:57  Probe  
  36  4:59  Probe  
  36  5:08  Probe  
  36  5:10  Twilight Council  
  36  5:11  Probe  
  36  5:13  Gateway  
  38  5:14  Gateway  
  38  5:18  Probe  
  39  5:26  Probe  
  39  5:28  Adept x2  
  42  5:29  Probe  
  45  5:36  Assimilator  
  45  5:38  Probe, Assimilator  
  45  5:39  Probe  
  47  5:48  Robotics Facility  
  47  5:50  Probe x2, Robotics Facility  
  47  5:51  Pylon  
  47  5:55  Resonating Glaives  
  49  5:59  Adept x2  
  53  6:06  Probe  
  53  6:08  Probe  
  55  6:17  Probe  
  55  6:20  Probe  
  57  6:28  Probe  
  57  6:32  Probe  
  59  6:33  Gateway  
  59  6:36  Gateway  
  59  6:38  Pylon, Probe, Immortal  
  63  6:44  Probe  
  63  6:46  Immortal  
  69  6:50  Probe  
  70  7:07  Probe  
  70  7:08  Probe  
  72  7:17  Immortal  
  72  7:18  Adept, Probe  
  72  7:19  Adept  
  72  7:20  Probe  
  82  7:25  Immortal  
  86  7:40  Dark Shrine  
  86  7:51  Probe  
  86  7:52  Probe  
  86  7:57  Gateway  
  88  8:00  Forge  
  88  8:01  Pylon  
  88  8:02  Forge  
  88  8:03  Nexus  
  88  8:07  Assimilator  
  88  8:12  Pylon  
  88  8:17  Pylon  
  88  8:19  Probe  
  89  8:20  Assimilator  
  89  8:25  Warp Prism  
  91  8:34  Observer  
  91  8:35  Protoss Ground Weapons Level 1 (Chrono Boost), Protoss Ground Armor Level 1 (Chrono Boost)  
  92  8:50  Probe  
  92  8:51  Probe  
  94  8:59  Adept x2  
  94  9:00  Adept x2  
  98  9:11  Probe x2  
  97  9:37  Probe x2  
  92  9:40  Zealot x5  
  94  9:53  Adept x2  
  94  9:55  Probe  
  94  9:56  Probe x2  
  101  10:03  Immortal  
  101  10:04  Immortal  
  109  10:13  Dark Shrine  
  109  10:17  Protoss Ground Armor Level 2 (Chrono Boost), Protoss Ground Weapons Level 2 (Chrono Boost)  
  109  10:20  Charge  
  109  10:23  Zealot x4  
  109  10:24  Zealot x2  
  119  11:11  Stalker x2  
  119  11:12  Stalker x5  
  133  11:21  Pylon  
  133  11:23  Gateway  
  133  11:24  Gateway  
  133  11:26  Photon Cannon  
  133  11:31  Photon Cannon  
  133  11:32  Photon Cannon  
  133  11:34  Pylon  
  137  11:40  Immortal  
  137  11:43  Pylon  
  137  11:44  Pylon  
  137  12:03  Probe x2  
  137  12:06  Observer  
  140  12:09  Dark Templar x4  
  140  12:10  Dark Templar x3  
  148  12:32  Probe  
  148  12:33  Probe x2  
  149  12:37  Immortal  
  149  12:38  Immortal  
  155  12:45  Zealot x5  
  155  12:48  Robotics Bay, Pylon  
  165  12:55  Pylon x2  
  165  13:00  Protoss Ground Weapons Level 3 (Chrono Boost)  
  165  13:02  Protoss Ground Armor Level 3 (Chrono Boost)  
  165  13:24  Nexus  
  165  13:32  Templar Archives  
  153  13:45  Nexus  
  151  13:53  Dark Templar x2  
  151  13:54  Dark Templar x2  
  147  14:20  High Templar  
  147  14:21  High Templar x3  
  147  14:22  High Templar  
  155  14:26  High Templar x3  
  155  14:27  High Templar  
  155  14:30  Archon x2  
  155  14:31  Archon x2  
  163  14:39  Pylon  
  163  14:40  Assimilator  
  163  14:42  Assimilator  
  163  14:44  Pylon  
  163  14:47  Pylon  
  163  14:50  Pylon  
  163  14:52  Pylon  
  163  15:13  Pylon  
  163  15:14  Stalker x4  
  163  15:16  Assimilator  
  163  15:18  Assimilator  
  163  15:20  Pylon  
  171  15:24  Pylon  
  171  15:32  High Templar  
  171  15:33  High Templar x4  
  181  15:39  Stalker x3  
  181  15:40  Stalker  
  189  15:57  Photon Cannon  
  189  15:59  Pylon, Photon Cannon  
  189  16:01  Photon Cannon  
  189  16:04  Probe  
  189  16:05  Photon Cannon  
  189  16:06  Probe  
  189  16:10  Pylon  
  190  16:20  Stalker x5  
  199  16:35  Protoss Shields Level 1 (Chrono Boost)  
  197  16:44  Extended Thermal Lance (Chrono Boost)  
  197  17:02  Archon x2  
  197  17:07  Archon x2  
  197  17:12  Observer  
  197  17:13  Observer  
  165  17:48  Dark Templar x3  
  165  17:49  Dark Templar x4  
  165  17:50  Dark Templar  
  177  17:58  Colossus x2  
  185  18:10  Gateway  
  185  18:12  Observer Gravitic Boosters (Chrono Boost)  
  185  18:13  Gateway  
  185  18:15  Gateway  
  185  18:16  Gateway  
  185  18:17  Pylon  
  174  18:41  Archon  
  174  18:42  Archon  
  182  19:10  Nexus  
  182  19:12  Zealot x3  
  182  19:13  Assimilator, Zealot x6  
  182  19:15  Assimilator  
  182  19:16  Pylon  
Show
View Real Time Build Order
Export as new Build Order

Pele Terran 

Build Orders:  

Get SALT Encoding   

  12  0:04  SCV  
  13  0:16  SCV  
  14  0:28  SCV  
  15  0:32  Supply Depot  
  15  0:53  SCV  
  16  1:03  Barracks  
  16  1:05  SCV  
  16  1:11  Supply Depot  
  17  1:17  SCV  
  18  1:27  Refinery  
  18  1:30  SCV  
  18  1:32  Refinery  
  19  1:39  Barracks  
  19  2:07  Marine  
  20  2:17  SCV, Engineering Bay  
  21  2:25  Marine  
  21  2:28  Marine  
  21  2:29  SCV  
  24  2:41  SCV  
  24  2:43  Marine, Factory  
  26  2:46  Marine  
  26  2:47  Missile Turret  
  27  2:53  SCV  
  28  3:00  Marine  
  29  3:08  Barracks Tech Lab  
  29  3:12  Command Center  
  29  3:17  Orbital Command  
  29  3:18  Marine  
  30  3:29  Factory Tech Lab, Missile Turret  
  30  3:36  Marine  
  31  3:47  Supply Depot  
  31  4:09  Siege Tank, Reaper  
  35  4:11  Supply Depot  
  31  4:29  Barracks Reactor  
  22  4:41  Siege Tank  
  21  5:07  SCV  
  21  5:13  Siege Tank  
  24  5:19  SCV, Missile Turret  
  25  5:31  SCV  
  25  5:35  Missile Turret  
  26  5:43  SCV  
  26  5:44  Marine  
  26  5:45  Siege Tank  
  31  5:54  Supply Depot  
  31  5:55  SCV  
  32  6:03  Missile Turret  
  31  6:07  SCV  
  32  6:17  Orbital Command, Widow Mine  
  34  6:19  SCV  
  35  6:28  Missile Turret  
  35  6:31  SCV  
  36  6:40  Supply Depot  
  36  6:43  SCV  
  36  6:45  Widow Mine  
  39  6:55  SCV  
  39  6:56  Orbital Command  
  40  7:04  Missile Turret  
  40  7:08  SCV  
  41  7:11  Supply Depot  
  41  7:13  Marine  
  41  7:14  Marine x2  
  44  7:20  SCV  
  45  7:27  SCV, Missile Turret  
  46  7:31  Marine x3  
  46  7:32  SCV  
  46  7:34  Widow Mine  
  52  7:39  SCV  
  54  7:44  SCV  
  54  7:51  SCV  
  54  7:52  Concussive Shells  
  54  7:54  Starport  
  55  8:03  SCV, Widow Mine  
  58  8:12  Marine  
  58  8:13  Marine x2  
  58  8:15  SCV  
  62  8:27  SCV  
  62  8:30  Marine, Missile Turret  
  62  8:31  Marine x2  
  62  8:32  Siege Tank  
  69  8:40  SCV  
  70  8:45  Command Center, Starport Tech Lab  
  70  8:48  Marine x2  
  70  8:49  Marine  
  70  8:52  SCV  
  74  9:04  Siege Tank, SCV  
  71  9:35  Orbital Command  
  71  9:36  Siege Tank  
  66  9:54  Viking  
  65  10:02  Missile Turret  
  65  10:05  Missile Turret  
  65  10:17  SCV  
  66  10:24  Viking  
  68  10:29  SCV  
  68  10:30  Orbital Command  
  68  10:35  Missile Turret  
  69  10:41  SCV, Refinery  
  70  10:43  Refinery  
  70  10:49  Terran Infantry Weapons Level 1  
  70  10:53  SCV  
  70  10:54  Viking  
  71  11:03  Widow Mine  
  73  11:05  SCV  
  73  11:10  Missile Turret  
  74  11:17  SCV  
  73  11:18  Refinery  
  73  11:21  Refinery  
  73  11:22  Orbital Command  
  73  11:24  Viking  
  75  11:29  SCV  
  75  11:32  Widow Mine  
  78  11:41  SCV  
  78  11:45  Marine x2  
  78  11:46  Marine  
  82  11:54  SCV, Viking  
  80  12:00  Widow Mine  
  84  12:02  Missile Turret  
  84  12:03  Marine x3  
  84  12:06  SCV  
  88  12:18  SCV  
  88  12:21  Marine x3  
  88  12:22  Missile Turret  
  92  12:29  Widow Mine  
  94  12:32  SCV  
  94  12:36  Cloaking Field  
  94  12:39  Banshee  
  94  12:43  Terran Infantry Armor Level 1  
  94  12:44  SCV  
  98  12:46  SCV  
  99  12:53  Armory  
  99  12:55  Marine  
  99  12:56  Marine  
  101  13:14  Marine  
  101  13:15  SCV  
  101  13:36  Refinery  
  101  13:37  Refinery  
  101  13:38  Missile Turret  
  101  13:40  Banshee  
  101  13:41  Missile Turret  
  101  13:53  Marine  
  101  13:54  Corvid Reactor  
  101  14:05  Missile Turret  
  100  14:10  SCV  
  101  14:23  Supply Depot  
  101  14:37  Neosteel Frame  
  101  14:44  Marine x3, SCV, Widow Mine, Medivac  
  109  14:46  Supply Depot  
  109  15:03  Supply Depot  
  109  15:06  Supply Depot  
  109  15:07  Marine x3, SCV x2  
  109  15:08  Missile Turret  
  109  15:11  Supply Depot  
  109  15:13  Siege Tank, Explosive Shrapnel Shells  
  117  15:15  Missile Turret  
  117  15:19  SCV  
  118  15:25  Marine x3, Missile Turret  
  121  15:30  SCV  
  121  15:34  Missile Turret  
  121  15:39  Raven  
  123  15:43  Marine x3  
  123  15:45  Siege Tank  
  129  15:55  Building Armor  
  129  15:56  Missile Turret  
  129  15:57  Missile Turret  
  129  16:00  Marine  
  129  16:17  Siege Tank  
  132  16:22  Raven  
  133  16:32  Marauder, High Capacity Fuel Tanks  
  129  16:38  Missile Turret  
  129  16:42  Missile Turret  
  128  16:49  Siege Tank  
  128  16:53  Marauder  
  129  17:05  Raven  
  126  17:11  Missile Turret  
  126  17:14  Marauder  
  123  17:36  Marauder, Hi-Sec Auto Tracking  
  99  17:44  Siege Tank  
  99  17:47  Raven  
  104  17:57  Marauder  
  104  18:30  Raven  
Tags
 
Matchup
PvT
Replay Pack
All Mines
Spawn Locations
Cross Positions
Add a new tag
Caveats
  • Supply blocks, unpowered buildings, or Contaminate may cause inaccurate times.
  • Supply counts are checked every 10 seconds.